 Dungeon Crawl Stone Soup version 0.28-a0-861-ge64d6db94f (webtiles) character file.

Game seed: 4427630205024072975

119 pokeman the Magician (level 4, 0/25 HPs)
             Began as a Deep Elf Hedge Wizard on Nov 15, 2021.
             Slain by a river rat (7 damage)
             ... in a sewer.
             The game lasted 00:07:05 (3451 turns).

pokeman the Magician (Deep Elf Hedge Wizard)        Turns: 3451, Time: 00:07:06

Health: 0/25       AC:  4    Str:  7    XL:     4   Next: 73%
Magic:  5/13       EV: 12    Int: 20    God:
Gold:   49         SH:  0    Dex: 14    Spells: 3/14 levels left

rFire   + . .      SeeInvis .   a - +0 dagger
rCold   x . .      Faith    .   (no shield)
rNeg    . . .      Spirit   .   c - +0 leather armour
rPois   .          Reflect  .   f - +0 helmet
rElec   .          Harm     .   (no cloak)
rCorr   .          Rampage  .   (no gloves)
Will    .....                   (no boots)
Stlth   ++........              (no amulet)
HPRegen 0.08/turn               h - ring of fire
MPRegen 0.13/turn               (no ring)

@: no status effects
A: no striking features
a: no special abilities


You were in a sewer.
You visited 1 branch of the dungeon, and saw 3 of its levels.
You also visited: Sewer.

You collected 49 gold pieces.

Inventory:

Hand Weapons
 a - a +0 dagger (weapon)
Missiles
 d - 16 arrows
Armour
 c - a +0 leather armour (worn)
 f - a +0 helmet (worn)
Jewellery
 h - a ring of fire (left hand)
Wands
 g - a wand of paralysis (7)
Scrolls
 e - 2 scrolls of identify {unknown}
 i - a scroll of silence {unknown}
 j - a scroll of fear {unknown}
 k - a scroll of enchant armour {unknown}
Potions
 b - a potion of attraction {unknown}
 l - a potion of magic {unknown}


   Skills:
 - Level 1.1 Fighting
 - Level 1.0 Armour
 + Level 2.8 Dodging
 - Level 2.4 Stealth
 * Level 5.8 Spellcasting
 + Level 2.3 Conjurations
 - Level 1.1 Summonings
 - Level 1.1 Translocations
 + Level 1.0 Fire Magic


You had 3 spell levels left.
You knew the following spells:

 Your Spells              Type           Power      Damage    Failure   Level
a - Magic Dart            Conj           60%        1d6       6%          1
b - Mephitic Cloud        Conj/Pois/Air  8%         N/A       34%         3
c - Call Imp              Summ           10%        N/A       16%         2
d - Blink                 Tloc           20%        N/A       16%         2
e - Conjure Flame         Conj/Fire      19%        6-21      22%         3

Your spell library contained the following spells:

 Spells                   Type           Power      Damage    Failure   Level
 Slow                     Hex            20%        N/A       16%         1


Dungeon Overview and Level Annotations

Branches:
Dungeon (3/15)              Sewer (1/1)

Altars:


Message History

Aim: a river rat (lightly wounded, 100% to hit)
The magic dart hits the river rat.
The river rat is moderately wounded.
Casting: Magic Dart (safe; 6% risk of failure)
Confirm with . or Enter, or press ? or * to list all spells.
Aiming: Magic Dart (safe; 6% risk of failure)
Press: ? - help, Shift-Dir - straight line, f/p - river rat
Aim: a river rat (moderately wounded, 100% to hit)
The magic dart hits the river rat.
The river rat is moderately wounded.
The river rat bites you. The rat barely misses you.
Casting: Magic Dart (safe; 6% risk of failure)
Confirm with . or Enter, or press ? or * to list all spells.
Aiming: Magic Dart (safe; 6% risk of failure)
Press: ? - help, Shift-Dir - straight line, f/p - river rat
Aim: a river rat (moderately wounded, 100% to hit)
The magic dart hits the river rat but does no damage.
The river rat is moderately wounded.
The river rat bites you!
* * * LOW HITPOINT WARNING * * *
The rat misses you.
Casting: Magic Dart (safe; 6% risk of failure)
Confirm with . or Enter, or press ? or * to list all spells.
Aiming: Magic Dart (safe; 6% risk of failure)
Press: ? - help, Shift-Dir - straight line, f/p - river rat
Aim: a river rat (moderately wounded, 100% to hit)
The magic dart hits the river rat but does no damage.
The river rat is moderately wounded.
The river rat misses you. The rat closely misses you.
Your magical contamination has completely faded away.
There is an empty arch of ancient stone here.
Casting: Magic Dart (safe; 6% risk of failure)
Confirm with . or Enter, or press ? or * to list all spells.
Aiming: Magic Dart (safe; 6% risk of failure)
Press: ? - help, Shift-Dir - straight line, f/p - river rat
Aim: a river rat (moderately wounded, 100% to hit)
The magic dart hits the river rat but does no damage.
The river rat is moderately wounded.
The river rat bites you!
You die...

##....≈≈≈≈≈≈≈.≈..
#.....≈≈≈≈≈≈≈....
#......≈≈≈≈≈≈≈...
#.......≈≈≈≈≈....
##.....≈≈≈≈≈≈≈.#
#.....≈≈≈≈≈≈≈##
##.....≈≈≈≈..#
####.....≈.≈≈...#
#@###..r..≈≈≈.....
#r###.....≈≈≈≈....
#r.#......≈≈≈≈....
##........≈≈≈....†
##.......≈≈≈.....
##.....≈.≈≈≈....
##....≈.≈≈≈...
#......≈≈≈≈...
##......≈≈≈≈≈..


You could see a river rat and a rat.

Vanquished Creatures
  Robin (D:2)
  2 river rats (Sewer)
  4 dart slugs
  4 orcs (D:3)
  3 bats
  3 endoplasms
  2 giant cockroaches (D:3)
  10 goblins
  9 hobgoblins
  8 kobolds
  6 quokkas
  6 ball pythons
  3 frilled lizards
  12 rats
73 creatures vanquished.

Notes
Turn   | Place    | Note
-------+----------+-------------------------------------------
     0 | D:1      | pokeman the Deep Elf Hedge Wizard began the quest for the
                  | Orb.
     0 | D:1      | Reached XP level 1. HP: 10/10 MP: 7/7
   110 | D:1      | Found a faded altar of an unknown god.
   494 | D:1      | Reached XP level 2. HP: 15/15 MP: 5/9
  1199 | D:1      | Reached skill level 5 in Spellcasting
  1469 | D:2      | Reached XP level 3. HP: 20/20 MP: 7/11
  1473 | D:2      | Learned a level 3 spell: Mephitic Cloud
  1476 | D:2      | Learned a level 2 spell: Call Imp
  1479 | D:2      | Learned a level 2 spell: Blink
  1483 | D:2      | Learned a level 3 spell: Conjure Flame
  1691 | D:2      | Noticed Robin
  1702 | D:2      | Killed Robin
  1703 | D:2      | Reached skill level 1 in Fighting
  1703 | D:2      | Reached skill level 1 in Armour
  2306 | D:2      | Reached XP level 4. HP: 25/25 MP: 8/13
  2820 | D:3      | Found a glowing drain.
  2829 | Sewer    | Entered a sewer
  3328 | Sewer    | Reached skill level 1 in Fire Magic
  3451 | Sewer    | Slain by a river rat

Illustrated notes

Levels and vault maps discovered:
D:1:      minmay_arrival_open_corners, layout_loops_ring,
          ebering_ecumenical_altar_sacrificial, st_stairs_7
D:2:      layout_loops_ring, minmay_misc_feat_rows, uniq_robin
D:3:      layout_loops_cross, mainiacjoe_overflow_cross_hatched,
          nicolae_overflow_crystal_walls, nicolae_sif_muna_little_library,
          gup_sewer_entry_pipe, grunt_ministairs_2, hangedman_decor_opposing,
          minmay_misc_feat_roman, minmay_misc_feat_four_crosses
Sewer:    sewer_minmay_treatment

Skill      XL: |  1  2  3  4 |
---------------+-------------+-----
Spellcasting   | 5 |  5.8
Fighting       | 1 |  1.1
Armour         | 1 |  1.0
Conjurations   | 2 |  2.3
Fire Magic     | 1 |  1.0
Dodging        | |  2.8
Stealth        | |  2.4
Summonings     | |  1.1
Translocations | |  1.1

Action                   |  1- 3 |  4- 6 || total
-------------------------+-------+-------++-------
Melee: Dagger            |    13 |    11 ||    24
 Cast: Magic Dart        |   106 |    81 ||   187
       Mephitic Cloud    |     1 |     1 ||     2
 Stab: Confused          |     2 |       ||     2
Armor: Robe              |     4 |       ||     4
       Leather armour    |     1 |     5 ||     6
Dodge: Dodged            |    21 |    26 ||    47

Table legend: (Time is in decaauts)
 A = Elapsed time spent in this place.
 B = Non-inter-level travel time spent in this place.
 C = Inter-level travel time spent in this place.
 D = Time resting spent in this place.
 E = Time spent auto-exploring this place.
 F = Levels seen in this place.
 G = Mean time per level.
                   A        B        C        D        E       F      G
               +--------+--------+--------+--------+--------+-----+--------+
         Total |   3458 |   3298 |    160 |    201 |   2557 |   4 |  864.5 |
       Dungeon |   2832 |   2672 |    160 |     76 |   2196 |   3 |  944.0 |
         Sewer |    625 |    625 |      0 |    125 |    361 |   1 |  625.0 |
               +--------+--------+--------+--------+--------+-----+--------+

Top non-repeatable levels by time:
     D:1: 1422 daAuts
     D:2: 1246 daAuts
   Sewer: 625 daAuts
     D:3: 164 daAuts
